Map: Ruins of Endion

Players

Khyira

  • Race: Terran Terran
  • League: Grandmaster

LiquidTLO (TLO) - Winner!

  • Race: Zerg Zerg
  • League: Grandmaster

VOD

Have the link to the VOD?

Description

Time

  • Played on: July 3, 2016, 8:01 a.m.
  • Length: 3:41
Show
View Real Time Build Order
Export as new Build Order

Khyira Terran 

Build Orders:  

Get SALT Encoding   

  12  0:01  SCV  
  13  0:13  SCV  
  14  0:18  Supply Depot  
  14  0:25  SCV  
  15  0:40  SCV  
  15  0:41  Barracks  
  16  0:47  Refinery  
  16  0:52  SCV  
  17  1:04  SCV  
  18  1:16  SCV  
  19  1:28  Orbital Command  
  20  1:32  Reaper  
  20  1:40  Barracks  
  20  1:43  Command Center  
  20  1:54  SCV  
  21  1:59  Barracks  
  21  2:05  Barracks Reactor  
  21  2:09  Supply Depot, SCV  
  21  2:12  Refinery  
  22  2:22  SCV  
  23  2:34  SCV  
  24  2:41  Factory  
  24  2:46  SCV  
  24  2:48  Marine x2  
  24  2:49  Barracks Tech Lab  
  27  2:57  Orbital Command  
  27  2:58  SCV  
  26  3:06  Marine x2  
  26  3:10  SCV  
  26  3:11  Marine  
  30  3:22  SCV  
  30  3:23  SCV  
  34  3:27  Supply Depot  
  34  3:32  Starport  
  34  3:33  Factory Reactor  
Show
View Real Time Build Order
Export as new Build Order

LiquidTLO Zerg - Winner!

Build Orders: Hatch First 

Get SALT Encoding   

  12  0:01  Drone  
  13  0:12  Overlord  
  13  0:17  Drone  
  14  0:31  Drone  
  14  0:32  Drone  
  16  0:37  Drone  
  17  0:52  Hatchery  
  17  0:55  Drone  
  17  0:58  Drone  
  17  1:02  Extractor  
  17  1:13  Spawning Pool  
  17  1:16  Drone  
  17  1:19  Drone  
  18  1:28  Drone  
  19  1:38  Overlord  
  19  1:49  Drone  
  20  2:01  Metabolic Boost, Queen  
  20  2:03  Queen  
  20  2:04  Zergling x2  
  20  2:06  Zergling x2  
  26  2:13  Drone  
  27  2:18  Drone  
  28  2:30  Hatchery  
  28  2:31  Drone  
  28  2:43  Queen  
  30  2:48  Overlord  
  30  2:50  Drone x2  
  32  2:54  Drone  
  32  2:59  Zergling x2  
  32  3:00  Zergling x2  
  32  3:04  Overlord  
  34  3:09  Zergling x2  
  34  3:10  Zergling x2  
  34  3:12  Drone  
  37  3:17  Drone  
  37  3:18  Drone  
  37  3:19  Drone  
  40  3:25  Drone  
  40  3:26  Drone x2  
Tags
 
Add a new tag
Caveats
  • Supply blocks, unpowered buildings, or Contaminate may cause inaccurate times.
  • Supply counts are checked every 10 seconds.